Unix NetHack Version 5.0.0-0 post-release - last build Jun 10 2026 00:39:30 (3ee93aec679c4c4259841fe613dc97188e26a321,branch:main).

Game began 2026-06-15 16:47:47, ended 2026-06-15 16:54:02.

LDaviesPeters, neutral female human Archeologist

                                                                   ..
                                                                  ...--
                                                                   .h.|
                                                                    -@--
                                                                    |....
                                                                    --.<.
                                                                      ...

LDaviesPeters the Digger   St:15 Dx:12 Co:13 In:17 Wi:14 Ch:8  Neutral
Dlvl:3  $:16 HP:0(22) Pw:6(6) AC:9  Xp:2 T:656 

Latest messages:
 You were wearing a -1 ring of adornment (on left hand).
 You descend the stairs.
 You see here 16 gold pieces.
 $ - 16 gold pieces.
 You miss the gecko.
 The gecko bites!
 You kill the gecko!
 You climb up the stairs.
 You see here a large box.
 You find a web.
 Hmmm, the large box turns out to be locked.
 You see here 2 lembas wafers.
 r - 2 lembas wafers.
 You stumble into a spider web!
 Pick a monster, object or location.
 "        an amulet or a web (web)
 You disentangle yourself.
 The kitten is caught in a spider web.
 You find a web.
 You stumble into a spider web!
 You are stuck to the web.
 You find a web.
 You disentangle yourself.
 You feel agile!
 You must have been working on your reflexes.
 You find a web.
 You find a web.
 The kitten is caught in a spider web.
 You descend the stairs.
 You miss the gnome.
 The gnome hits!
 You kill the gnome!
 s - a partly used candle (lit).
 The hobbit wields a runed dagger!
 You miss the hobbit.
 You lash the hobbit.
 The hobbit thrusts his runed dagger.
 The hobbit hits!
 You miss the hobbit.
 The hobbit thrusts his runed dagger.
 The hobbit hits!
 You miss the hobbit.
 The hobbit thrusts his runed dagger.
 The hobbit hits!
 You miss the hobbit.
 You miss the hobbit.
 The hobbit thrusts his runed dagger.
 The hobbit hits!
 You die...
 Do you want your possessions identified? [ynq] (y) q

Inventory:
 Coins    ('$')
  $ - 16 gold pieces
 Weapons  (')')
  a - a +2 bullwhip (weapon in left hand)
 Armor    ('[')
  c - an uncursed +0 fedora (being worn)
  h - an uncursed +0 leather jacket (being worn)
 Comestibles  ('%')
  o - an uncursed slime mold
  d - 3 uncursed food rations
  r - 2 uncursed lembas wafers
 Rings    ('=')
  q - an uncursed -1 ring of adornment
 Tools    ('(')
  b - an uncursed sack containing 4 items
  l - an uncursed oil lamp
  p - a +0 pick-axe (alternate weapon; not wielded)
  s - an uncursed partly used tallow candle (lit)
  f - a tinning kit (0:60)
 Gems/Stones  ('*')
  g - an uncursed touchstone

Contents of the sack:
  27 gold pieces
  an uncursed potion of healing
  2 uncursed potions of levitation
  an uncursed potion of hallucination

LDaviesPeters the Archeologist's attributes:

Background:
 You were a Digger, a level 2 female human Archeologist.
 You were neutral, on a mission for Camaxtli
 who was opposed by Quetzalcoatl (lawful) and Huhetotl (chaotic).
 You were left-handed.
 You were in the Gnomish Mines, on level 3.
 You entered the dungeon 656 turns ago.
 There was a new moon in effect when your adventure ended.
 You had 29 experience points, 11 more were needed to attain level 3.

Basics:
 You had 0 out of 22 hit points.
 You had all 6 energy points (spell power).
 Your armor class was 9.
 Your wallet contained 16 zorkmids, and
 you had 27 more stashed away in your pack.
 Autopickup was off.

Final Characteristics:
 Your strength was 15 (limit:18/100).
 Your dexterity was 12 (limit:18).
 Your constitution was 13 (limit:18).
 Your intelligence was 17 (limit:18).
 Your wisdom was 14 (limit:18).
 Your charisma was 8 (limit:18).

Final Status:
 You weren't hungry.
 You were unencumbered.
 You were wielding a whip.
 You had basic skill with whip.

Final Attributes:
 You were fervently aligned.
 You had automatic searching.
 You were lucky.
 You are dead.

Miscellaneous:
 You didn't encounter any bones levels.
 Total elapsed playing time was 6 minutes and 15 seconds.

Major events:
 Turn
    1: LDaviesPeters the neutral female human Archeologist entered the dungeon
  643: entered the Gnomish Mines
  656: killed by a hobbit

Spells:
 Name                 Level Category     Fail Retention
 detect unseen          3   divination   100%  76%-100%

Skills:
 Fighting Skills
   bare handed combat [Unskilled]
   two weapon combat  [Unskilled]
   riding             [Unskilled]
 Weapon Skills
   dagger             [Unskilled]
   knife              [Unskilled]
   pick-axe           [Basic]
   short sword        [Unskilled]
   saber              [Unskilled]
   club               [Unskilled]
   quarterstaff       [Unskilled]
   sling              [Unskilled]
   dart               [Unskilled]
   boomerang          [Unskilled]
   whip               [Basic]
   unicorn horn       [Unskilled]
 Spellcasting Skills
   attack spells      [Unskilled]
   healing spells     [Unskilled]
   divination spells  [Unskilled]
   matter spells      [Unskilled]

Voluntary challenges:
 Character rerolling was not enabled.
 You followed a strict vegan diet.
 You were an atheist.
 You never genocided any monsters.
 You never polymorphed an object.
 You never changed form.
 You used no wishes.
Achievement:
 You entered the Gnomish Mines.

 The Dungeons of Doom: levels 1 to 3
    Level 1:
       A fountain, many trees.
    Level 2:
       Stairs down to The Gnomish Mines.
    Level 3:
       A fountain.
 The Gnomish Mines:
    Level 3: <- You were here.
       Final resting place for
          you, killed by a hobbit.


Vanquished creatures:
  a wood nymph
  a gnome
  a gecko
  a jackal
  a grid bug
  4 lichens
  2 newts
11 creatures vanquished.

No species were genocided or became extinct.

Game over:
                       ----------
                      /          \
                     /    REST    \
                    /      IN      \
                   /     PEACE      \
                  /                  \
                  |  LDaviesPeters   |
                  |      43 Au       |
                  |   killed by a    |
                  |      hobbit      |
                  |                  |
                  |                  |
                  |       2026       |
                 *|     *  *  *      | *
        _________)/\\_//(\/(/\)/\//\/|_)_______

Goodbye LDaviesPeters the Archeologist...

You died in The Gnomish Mines on dungeon level 3 with 255 points,
and 43 pieces of gold, after 656 moves.
You were level 2 with a maximum of 22 hit points when you died.

